 Dungeon Crawl Stone Soup version 0.20.1-1-g8b1a95d (webtiles) character file.

433 KoningWillie the Covered (level 6, -5/53 HPs)
             Began as a Minotaur Fighter on Oct 30, 2017.
             Was a Follower of Zin.
             Killed by an exploding ballistomycete spore (27 damage)
             ... created by the player character
             ... on level 3 of the Dungeon on Nov 3, 2017.
             The game lasted 00:07:31 (1651 turns).

KoningWillie the Covered (Minotaur Fighter)         Turns: 1651, Time: 00:07:32

Health: -5/53      AC:  7    Str: 23    XL:     6   Next: 67%
Magic:  5/5        EV:  8    Int:  5    God:    Zin [*.....]
Gold:   122        SH:  0    Dex:  9    Spells: 5/5 levels left

rFire    . . .     SeeInvis .   a - +0 long sword
rCold    . . .     Gourm    .   c - +0 shield
rNeg     . . .     Faith    .   b - +0 scale mail
rPois    .         Spirit   .   (helmet restricted)
rElec    .         Reflect  .   (no cloak)
rCorr    .         Harm     .   (no gloves)
MR       .....                  (no boots)
Stlth    ..........             (no amulet)
Regen    0.2/turn               (no ring)
MPRegen  0.1/turn               (no ring)

@: confused, drained
A: retaliatory headbutt, horns 2
a: Recite, Donate Gold, Renounce Religion


You were on level 3 of the Dungeon.
You worshipped Zin.
Zin was aware of your devotion.
You were not hungry.

You visited 1 branch of the dungeon, and saw 3 of its levels.

You collected 135 gold pieces.
You donated 13 gold pieces to Zin.

Inventory:

Hand Weapons
 a - a +0 long sword (weapon)
 j - a cursed -1 halberd
Armour
 b - a +0 scale mail (worn)
 c - a +0 shield (worn)
Jewellery
 k - a +2 ring of intelligence {unknown}
Scrolls
 i - a scroll of blinking
 m - a scroll of remove curse {unknown}
 o - a scroll of teleportation
 p - a scroll of identify
Potions
 d - a potion of might
 e - a potion of invisibility {unknown}
 g - 2 potions of curing
 h - a potion of berserk rage
 l - a potion of lignification {unknown}
 n - a potion of brilliance {unknown}
Comestibles
 f - 2 bread rations
 q - 7 fruits


   Skills:
 + Level 4.7(3.7) Fighting
 + Level 4.7(3.7) Long Blades
 + Level 5.8(4.7) Armour
 + Level 1.9(0.9) Dodging
 + Level 0.1(0.0) Stealth
 + Level 5.3(4.3) Shields


You had 5 spell levels left.
You didn't know any spells.

Dungeon Overview and Level Annotations

Branches:
Dungeon (3/15)

Altars:
Cheibriados
Fedhas
Zin


Innate Abilities, Weirdness & Mutations

You reflexively headbutt those who attack you in melee.
You have a pair of horns on your head.


Message History

Things that are here:
a scimitar; a robe
Things that are here:
a scimitar; a robe There's no appreciative audience!
Okay, then.
You start resting.
Fedhas produces spores.
A ballistomycete spore comes into view.
The ballistomycete spore waves its rhizomes.
Press: ? - help, v - describe, . - travel, g - get item
Here: a ballistomycete spore A long sword.
There is something else lying underneath.
An open door, spattered with blood.
The ballistomycete spore explodes!
The explosion of spores engulfs you!
You are confused.
Ouch! That really hurt!
You die...

# #....# ##...## ###
## # #.##.# ##.....##
# #.#..# ##.......##
###....####.........#
..........'.........+
###.....###.........#
###.#.# ##.......##
###.# ##.....## #.#
##))@## #.# ##)## #.#
#.....!# #.#
#.#.......# #.#
#.#.##.##.# #.# #
...#.# #.#####..... #
#....^......
#######.#.#.


There were no monsters in sight!

Vanquished Creatures
  Sigmund (D:2)
  3 wights (D:3)
  Terence (D:2)
  4 adders
  4 gnolls (D:2)
  An ooze (D:1)
  5 worms
  A dart slug (D:1)
  2 leopard geckos
  4 bats
  5 hobgoblins
  6 kobolds
  A quokka (D:2)
  A frilled lizard (D:1)
  5 goblins
  6 rats
50 creatures vanquished.

Vanquished Creatures (others)
  7 toadstools (D:3)
7 creatures vanquished.

Grand Total: 57 creatures vanquished

Notes
Turn   | Place    | Note
-------+----------+-------------------------------------------
     0 | D:1      | KoningWillie the Minotaur Fighter began the quest for the Orb.
     0 | D:1      | Reached XP level 1. HP: 19/19 MP: 0/0
    91 | D:1      | Reached XP level 2. HP: 25/27 MP: 1/1
   358 | D:2      | Reached XP level 3. HP: 33/33 MP: 2/2
   426 | D:2      | Reached XP level 4. HP: 14/40 MP: 3/3
   614 | D:2      | Found a blossoming altar of Fedhas.
   621 | D:2      | Became a worshipper of Fedhas Madash
   644 | D:2      | Found a snail-covered altar of Cheibriados.
   766 | D:2      | Noticed Sigmund
   807 | D:2      | Killed Sigmund
   807 | D:2      | Reached skill level 5 in Armour
   807 | D:2      | Reached skill level 1 in Dodging
   807 | D:2      | Reached XP level 5. HP: 32/47 MP: 4/4
   939 | D:2      | Noticed Terence
   949 | D:2      | Killed Terence
   949 | D:2      | Reached skill level 5 in Shields
   964 | D:2      | Reached XP level 6. HP: 47/53 MP: 5/5
  1499 | D:3      | Found a glowing silver altar of Zin.
  1509 | D:3      | Fell from the grace of Fedhas
  1511 | D:3      | Became a worshipper of Zin the Law-Giver
  1511 | D:3      | Reached * piety under Zin
  1651 | D:3      | Killed by an exploding ballistomycete spore

Skill      XL: |  1  2  3  4  5 |
---------------+----------------+-----
Armour         | 4 5 |  5.8
Fighting       | 4 |  4.7
Shields        | 4 5 |  5.3
Long Blades    | 3 4 |  4.7
Dodging        | 1 |  1.9
Stealth        | |  0.1

Action                   |  1- 3 |  4- 6 || total
-------------------------+-------+-------++-------
Melee: Long sword        |    37 |    83 ||   120
       Headbutt          |     5 |    19 ||    24
Invok: Fungal Bloom      |       |     5 ||     5
       Renounce Religion |       |     1 ||     1
  Use: Scroll            |     3 |     3 ||     6
  Eat: Meat ration       |       |     1 ||     1
Armor: Scale mail        |    22 |    22 ||    44
Dodge: Dodged            |    17 |    36 ||    53
Block: Shield            |    22 |    42 ||    64
       Rpst.: Long sword |     4 |    11 ||    15
